 Dungeon Crawl Stone Soup version 0.27.1-33-g824d729ab1 (webtiles) character file.

Game seed: 2435278175365310716

542 Destapler the Skirmisher (level 7, -5/53 HPs)
             Began as a Human Fire Elementalist on Dec 3, 2021.
             Was a Believer of Okawaru.
             Killed from afar by Dowan (19 damage)
             ... with a shard of ice
             ... on level 4 of the Dungeon on Dec 5, 2021.
             The game lasted 00:23:16 (5369 turns).

Destapler the Skirmisher (Human Fire Elementalist)  Turns: 5369, Time: 00:23:17

Health: -5/53      AC:  3    Str:  8    XL:     7   Next: 52%
Magic:  8/10       EV: 17    Int: 17    God:    Okawaru [**....]
Gold:   130        SH:  0    Dex: 14    Spells: 9/11 levels left

rFire    . . .     SeeInvis .   c - +0 whip (elec)
rCold    . . .     Faith    .   (no shield)
rNeg     . . .     Spirit   .   a - +1 robe
rPois    .         Reflect  .   (no helmet)
rElec    .         Harm     .   (no cloak)
rCorr    .         Rampage  .   (no gloves)
Will     .....                  (no boots)
Stlth    ++........             (no amulet)
HPRegen  0.17/turn              n - +4 ring of evasion
MPRegen  0.12/turn              (no ring)

@: no status effects
A: no striking features
a: Renounce Religion, Heroism


You were on level 4 of the Dungeon.
You worshipped Okawaru.
Okawaru was pleased with you.
You visited 1 branch of the dungeon, and saw 4 of its levels.

You collected 130 gold pieces.

Inventory:

Hand Weapons
 c - a +0 whip of electrocution (weapon)
 e - a +1 hand axe of freezing
 k - a +1 dagger of venom
Missiles
 q - 31 poisoned darts
 r - 2 boomerangs
Armour
 a - a +1 robe (worn)
Jewellery
 n - a +4 ring of evasion (left hand)
Wands
 l - a wand of flame (10) (quivered)
Scrolls
 f - a scroll of immolation {unknown}
 g - a scroll of teleportation
 h - a scroll of vulnerability {unknown}
 m - 4 scrolls of identify
Potions
 b - a potion of haste {unknown}
 d - a potion of lignification {unknown}
 o - a potion of invisibility
 t - a potion of brilliance {unknown}


   Skills:
 + Level 3.7 Fighting
 + Level 1.9 Maces & Flails
 + Level 3.0 Dodging
 - Level 3.0 Stealth
 + Level 2.5 Spellcasting
 + Level 2.0 Conjurations
 - Level 3.0 Summonings
 - Level 3.0 Fire Magic
 + Level 1.5 Invocations
 + Level 1.6 Evocations


You had 9 spell levels left.
You knew the following spells:

 Your Spells              Type           Power      Damage    Failure   Level
a - Foxfire               Conj/Fire      40%        2x1d6     7%          1
b - Summon Small Mammal   Summ           48%        N/A       5%          1

Your spell library contained the following spells:

 Spells                   Type           Power      Damage    Failure   Level
 Conjure Flame            Conj/Fire      10%        6-21      21%         3
 Inner Flame              Hex/Fire       7%         N/A       30%         3
 Sticky Flame             Conj/Fire      10%        2d3       54%         4
 Fireball                 Conj/Fire      5%         3d5       88%         5


Dungeon Overview and Level Annotations

Branches:
Dungeon (4/15)
 Temple: D:4-7

Altars:
Okawaru
Yredelemnul

Shops:
D:2 [   D:4 !

Annotations:
D:4 Dowan, Robin


Message History

You hit Duvessa but do no damage.
Duvessa is almost dead.
You hit Duvessa but do no damage. Lightning courses through Duvessa!
You kill Duvessa!
Okawaru is honoured by your kill.
Dowan seems overcome with grief, but rights himself reflexively soon after.
Dowan seems to find hidden reserves of power!
Dowan casts a spell.
Dowan blinks!
Your base Dodging skill increases to level 3!
Your Conjurations skill increases to level 2!
Unknown command.
Casting: Summon Small Mammal (safe; 5% risk of failure)
Confirm with . or Enter, or press ? or * to list all spells.
Casting: Summon Small Mammal (safe; 5% risk of failure)
Confirm with . or Enter, or press ? or * to list all spells.
Dowan barely misses your rat.
You feel like a meek peon again. Dowan hits your rat with a +0 dagger.
Your rat dies!
Your rat's corpse disappears in a puff of smoke!
The puff of flame hits Dowan!
Dowan is moderately wounded.
Dowan gestures wildly while chanting.
Dowan blinks!
The puff of flame hits Dowan!
Dowan is severely wounded.
Dowan gestures at you while chanting. The stone arrow hits you!!
The puff of flame hits Dowan!
Dowan is almost dead.
Dowan points at you and mumbles some strange words.
The shard of ice hits you!
* * * LOW HITPOINT WARNING * * *
The puff of flame misses Dowan.
The puff of flame misses Dowan.
Dowan hits you with a +0 dagger.
* * * LOW HITPOINT WARNING * * *
Dowan casts a spell at you. The shard of ice hits you!!
You die...

# #.............>,*+#.#
*,,,*
#..............,...#*
*,,>**
#.........#+#'#,...#
*,*,,, *
#.........#.#(#....#
*,*,,, #
#.........#.#.#....#
*,***, #
#..................#
*,,,,,
#****#........##.#.##...#
******
,,,,,#####'#####e#.##...#
,,,,,* #[# #@#......#
,,,,,* #[# #b#####+##
,,,,,* #<# #.#,,,*,*
,,,,,* ### #.#,,,*,***
,,,,,* #.#,,,+,,,* ******
#.#,,,***,* * #.#,,,* *,*
# #.#,,,* *,* # *,*****
*,*


You could see Dowan (fast, ally target) and a friendly bat (summoned).

Vanquished Creatures
  Duvessa (D:4)
  An ice beast (D:3)
  A hornet zombie (D:4)
  A hound (D:1)
  A jelly (D:3)
  An orc wizard (D:4)
  4 adders
  4 dart slugs
  4 orcs
  3 ball pythons
  10 endoplasms
  A giant cockroach (D:1)
  7 hobgoblins
  7 jackals (D:3)
  4 kobolds
  A quokka (D:3)
  2 bats
  3 frilled lizards
  6 goblins
  2 rats
64 creatures vanquished.

Vanquished Creatures (collateral kills)
  An orc warrior (D:3)
1 creature vanquished.

Vanquished Creatures (others)
  98 foxfires
  A fungus (D:1)
  6 plants (D:3)
105 creatures vanquished.

Grand Total: 170 creatures vanquished

Notes
Turn   | Place    | Note
-------+----------+-------------------------------------------
     0 | D:1      | Destapler the Human Fire Elementalist began the quest for
                  | the Orb.
     0 | D:1      | Reached XP level 1. HP: 13/13 MP: 3/3
   236 | D:1      | Reached XP level 2. HP: 9/20 MP: 0/5
   954 | D:1      | Reached skill level 1 in Fighting
  1116 | D:1      | Reached skill level 1 in Maces & Flails
  1116 | D:1      | Reached XP level 3. HP: 26/26 MP: 1/6
  1162 | D:1      | Found a faded altar of an unknown god.
  1168 | D:1      | Got Plato's Papyrus of the Escort
  1169 | D:1      | Became a worshipper of Warmaster Okawaru
  1169 | D:1      | Reached * piety under Okawaru
  1414 | D:1      | Reached skill level 1 in Summonings
  1539 | D:1      | Reached XP level 4. HP: 17/32 MP: 3/7
  1911 | D:2      | Found Cachuino's Antique Armour Shop.
  2716 | D:3      | Found a basalt altar of Yredelemnul.
  2942 | D:3      | Noticed an ice beast
  2966 | D:3      | Killed an ice beast
  2967 | D:3      | Reached XP level 5. HP: 9/41 MP: 1/8
  2969 | D:3      | Learned a level 1 spell: Summon Small Mammal
  3219 | D:3      | Reached XP level 6. HP: 25/47 MP: 4/9
  4211 | D:4      | Noticed Robin
  4253 | D:4      | Noticed a black bear
  4255 | D:4      | Found Utecyfo's Distillery.
  4322 | D:4      | Noticed an orc warrior
  4465 | D:3      | Killed an orc warrior
  4466 | D:3      | Reached skill level 1 in Evocations
  4710 | D:4      | Reached skill level 1 in Invocations
  5015 | D:4      | Reached XP level 7. HP: 30/52 MP: 10/10
  5017 | D:4      | Noticed Duvessa
  5020 | D:4      | Noticed Dowan
  5360 | D:4      | Killed Duvessa
  5360 | D:4      | Reached ** piety under Okawaru
  5369 | D:4      | Killed from afar by Dowan

Illustrated notes

Levels and vault maps discovered:
D:1:      minmay_arrival_semitransparent, layout_loops_corners,
          shapermc_ecumenical_altar_rom_forum
D:2:      layout_basic, serial_shops, nicolae_shop_crystal
D:3:      layout_basic, mainiacjoe_overflow_surrounded_room, amethyst_killhole,
          chequers_big_river
D:4:      layout_basic, portal_sewer_entry_d, serial_shops, nicolae_square_shop,
          uniq_natasha, uniq_duvessa, uniq_pikel, uniq_robin

Skill      XL: |  1  2  3  4  5  6  7 |
---------------+----------------------+-----
Fighting       | 1 3 |  3.7
Maces & Flails | 1 |  1.9
Summonings     | 2 3 |  3.0
Evocations     | 1 |  1.6
Invocations    | 1 |  1.5
Stealth        | 3 |  3.0
Dodging        | 3 |  3.0
Conjurations   | 2 |  2.0
Spellcasting   | |  2.5
Fire Magic     | |  3.0

Action                   |  1- 3 |  4- 6 |  7- 9 || total
-------------------------+-------+-------+-------++-------
Melee: Whip              |    42 |    90 |     6 ||   138
Throw: Dart              |       |       |     5 ||     5
 Cast: Foxfire           |    26 |    28 |       ||    54
       Summon Small Mamm |       |     4 |     3 ||     7
Invok: Heroism           |       |     2 |     1 ||     3
Evoke: Wand              |       |    17 |     6 ||    23
  Use: Scroll            |       |     4 |     2 ||     6
 Stab: Sleeping          |     4 |     3 |       ||     7
Armor: Robe              |     2 |    13 |       ||    15
Dodge: Dodged            |    32 |    88 |     3 ||   123
